AoeStats
← AvidJr

Arabia

503215162Analyzed
2v2 RM · 1mo ago on Aug 30, 2026· 27m 15s· 4 players
Game mode
Random Map
Map size
Medium (4 player)
Population
200
Speed
Normal
Resources
Standard
Victory
Conquest
Starting age
Dark Age
Ending age
Imperial Age
RankedLock teamsTeams togetherTeam positionsShared explorationLock speedFull tech treeHidden civsTurbo modeCheats
Victory
Defeat
🇩🇪 Cumans · Germany
1406
+10
🇩🇪 Malians · Germany
1122
+22
🇨🇴 Franks · Colombia
1296
-17
🇨🇴 Vikings · Colombia
1239
-15
Replikator
7:25 Loom
10:42 Feudal Age
13:28 Fletching
17:20 Double-Bit Axe
24:56 Castle Age
23:36 Padded Archer Armor
23:57 Gold Mining
24:10 Horse Collar
25:01 Crossbowman
25:37 Bodkin Arrow
Gladiator
7:03 Loom
9:19 Feudal Age
10:07 Double-Bit Axe
14:29 Horse Collar
18:22 Scale Barding Armor
18:55 Bloodlines
23:29 Castle Age
21:59 Fletching
22:22 Forging
24:13 Light Cavalry
28:11 Chain Barding Armor
Alud | lllpollo
6:26 Loom
10:11 Feudal Age
10:23 Man-at-Arms
14:05 Double-Bit Axe
18:59 Fletching
19:10 Padded Archer Armor
25:09 Castle Age
25:52 Crossbowman
AvidJr
6:22 Loom
6:34 Loom
9:18 Feudal Age
10:13 Double-Bit Axe
23:40 Wheelbarrow
28:01 Castle Age
Connection lost

Rejoining the realm…

Still unreachable

The connection could not be restored.

Session expired

The server has moved on; the page needs a fresh start.